 Dungeon Crawl Stone Soup version 0.30.0-11-gf55b779eaf (webtiles) character file.

Game seed: 15224614149001194530

3 GigaChad the Covered (level 1, 0/28 HPs)
             Began as an Armataur Fighter on May 17, 2023.
             Succumbed to a goblin's poison
             ... on level 1 of the Dungeon.
             The game lasted 00:00:22 (41 turns).

GigaChad the Covered (Armataur Fighter)               Turns: 41, Time: 00:00:22

Health: 0/28       AC:  7    Str: 21    XL:     1   Next: 41%
Magic:  1/1        EV:  7    Int:  8    God:
Gold:   0          SH:  4    Dex:  9    Spells: 0/0 levels left

rFire   . . .        a - +0 war axe
rCold   . . .        c - +0 buckler
rNeg    . . .        b - +0 scale mail
rPois   .            (no helmet)
rElec   .            f - scarf {repulsion}
rCorr   .            (no gloves)
SInv    .            (no barding)
Will    .....        (no amulet) Stlth
                     (no ring)
HPRegen 0.24/turn    (no ring)
MPRegen 0.07/turn

%: repel missiles, roll
@: berserking, lethally poisoned (0 -> -17), very quick
A: large, rugged brown scales 3, deformed body, armoured tail, roll, long
tongue, awkward tongue
a: no special abilities


You were on level 1 of the Dungeon.
You visited 1 branch of the dungeon, and saw 1 of its levels.

Inventory:

Hand Weapons
 a - a +0 war axe (weapon)
Armour
 b - a +0 scale mail (worn)
 c - a +0 buckler (worn)
 f - a scarf of repulsion (worn)
Scrolls
 e - a scroll of fog {unknown}
Potions
 d - a potion of might
 g - a potion of berserk rage


   Skills:
 + Level 2.7 Fighting
 + Level 1.6 Axes
 + Level 3.7 Armour
 + Level 3.3 Shields


You couldn't memorise any spells.
You didn't know any spells.
Your spell library was empty.

Dungeon Overview and Level Annotations

Branches:
Dungeon (1/15)

Altars:


Innate Abilities, Weirdness & Mutations

You are completely covered in rugged brown scales. (AC +3, +7% HP)
Armour fits poorly on your strangely shaped body.
You have a long armoured tail.
You roll when moving toward enemies. (Rampage)
Your long tongue fully drains potion bottles. (2x potion effects)
Your tongue gives you trouble enunciating. (1.5x scroll delay)


Message History

The bat barely misses you.
You miss the bat. You block the bat's attack. The bat barely misses you.
The rat barely misses you.
The goblin hits you with a +3 dagger of venom.
You are poisoned.
The goblin hits you but does no damage.
You completely miss the goblin.
Your tail-slap misses the goblin.
You slash the rat!
You kill the rat!
You completely miss the goblin. You barely miss the bat.
You feel very sick. The bat hits you but does no damage.
You block the bat's attack. The goblin completely misses you.
The goblin hits you but does no damage.
You are lethally poisoned!
You barely miss the goblin. You tail-slap the goblin.
The goblin is severely wounded.
You closely miss the goblin.
You feel very sick. The bat hits you but does no damage.
The goblin hits you but does no damage.
You are more poisoned.
The goblin barely misses you.
A hobgoblin comes into view. It is wielding a +0 long sword.
You block the goblin's attack.
The goblin hits you with a +3 dagger of venom.
* * * LOW HITPOINT WARNING * * *
You are too injured to fight recklessly!
You are too injured to fight recklessly!
It was a potion of berserk rage.
A red film seems to cover your vision as you go berserk!
You feel yourself moving faster!
You feel mighty!
You slurp down every last drop of the potion of berserk rage!
* * * LOW HITPOINT WARNING * * *
You feel very sick. The bat hits you but does no damage.
The bat closely misses you. The goblin barely misses you.
You block the goblin's attack.
You slash the bat!
You kill the bat!
You miss the goblin. You slash the goblin!
You kill the goblin!
You die...

#P♣♣..<.♣♣P♣.P..#
#..P.PPPP♣PPP...#
#..P..♣P♣PP.....#
##....PPP.)....##
##.#......#..##
.#......##.## ..
....#.##'#### ..
.....#.......#
#.g@)...#
......).....#
............#
............#
....).......#
............#
.......g....#
............#


You could see a hobgoblin and a goblin.

Vanquished Creatures
  A bat (D:1)
  2 goblins (D:1)
  A quokka (D:1)
  A rat (D:1)
5 creatures vanquished.

Notes
Turn   | Place    | Note
-------+----------+-------------------------------------------
     0 | D:1      | GigaChad the Armataur Fighter began the quest for the Orb.
     0 | D:1      | Reached XP level 1. HP: 19/19 MP: 1/1
    41 | D:1      | Succumbed to a goblin's poison

Illustrated notes

Levels and vault maps discovered:
D:1:      spicycebolla_arrival_clurvy, layout_basic,
          shapermc_ecumenical_altar_petra

Action                     || total
---------------------------++-------
  Melee: War axe           ||     8
         Tailslap          ||     2
    Use: Potion            ||     1
 Armour: Scale mail        ||     9
  Dodge: Dodged            ||     8
  Block: Buckler           ||     7
